 Dungeon Crawl Stone Soup version 0.31-a0-702-gf82c85558f (webtiles) character file.

Game seed: 10735568833632614750

5371 Shayle the Ogre Mage (level 10, -4/75 HPs)
             Began as an Ogre Shapeshifter on Sept 8, 2023.
             Was a Believer of Hepliaklqana.
             Slain by a komodo dragon (19 damage)
             ... on level 1 of the Lair of Beasts.
             The game lasted 00:22:47 (9131 turns).

Shayle the Ogre Mage (Ogre Shapeshifter)            Turns: 9131, Time: 00:22:47

Health: -4/75      AC:  3    Str: 20    XL:     10   Next: 66%
Magic:  21/21      EV:  8    Int: 15    God:    Hepliaklqana [**....]
Gold:   481        SH: 10    Dex: 14    Spells: 24/24 levels left

rFire   . . .        w - +1 war axe (elec)
rCold   . . .        i - +0 kite shield
rNeg    . . .        a - +0 animal skin
rPois   .            (helmet currently unavailable)
rElec   .            (cloak currently unavailable)
rCorr   .            (gloves unavailable)
SInv    .            (boots unavailable)
Will    +....        (no amulet)
Stlth   +            n - +6 ring of dexterity
HPRegen 0.32/turn    l - +4 ring of slaying
MPRegen 0.17/turn

%: no passive effects
@: beast-form
A: beast (slay +4), reduced essence, large, unfitting armour, tough skin 1
a: Begin Untransformation, Renounce Religion, Recall Ancestor, Ancestor Identity


You were on level 1 of the Lair of Beasts.
You worshipped Hepliaklqana.
Hepliaklqana was pleased with you.
You were a hulking beast.
You visited 3 branches of the dungeon, and saw 10 of its levels.

You collected 481 gold pieces.

Inventory:

Hand Weapons
 g - a +0 scimitar
 r - a +0 dagger of distortion
 s - a +3 dagger
 w - a +1 war axe of electrocution (weapon)
 y - a +0 giant spiked club
 I - a +3 quarterstaff of chaos
Armour
 a - a +0 animal skin (worn)
 i - a +0 kite shield (worn)
 J - a +0 cloak
Jewellery
 f - a +6 ring of dexterity
 h - a ring of see invisible
 l - a +4 ring of slaying (right hand)
 n - a +6 ring of dexterity (left hand)
 t - a ring of magical power
 G - a ring of flight
Talismans
 c - a beast talisman (active)
 d - a flux talisman
Wands
 B - a wand of polymorph (12)
 D - a wand of iceblast (8)
Scrolls
 k - 3 scrolls of immolation
 q - a scroll of blinking
 u - a scroll of noise {unknown}
 x - a scroll of torment {unknown}
 C - a scroll of vulnerability {unknown}
 E - a scroll of enchant weapon {unknown}
 F - 2 scrolls of fog
 H - a scroll of fear {unknown}
 K - a scroll of revelation
Potions
 b - a potion of ambrosia
 e - a potion of haste
 j - a potion of attraction
 m - 7 potions of curing
 o - a potion of enlightenment
 p - 4 potions of resistance {unknown}
 v - a potion of might {unknown}
 z - 2 potions of brilliance {unknown}
 A - 4 potions of heal wounds


   Skills:
 - Level 1.3 Fighting
 - Level 1.7 Dodging
 + Level 6.3 Shields
 + Level 7.2 Unarmed Combat
 + Level 7.8 Spellcasting
 + Level 7.1 Invocations
 + Level 7.2 Shapeshifting


You had 24 spell levels left.
You didn't know any spells.
Your spell library contained the following spells:

 Spells                   Type           Power      Damage    Failure   Level
 Necrotise                Necr           20%        1d5       26%         1
 Slow                     Hex            20%        N/A       26%         1
 Confusing Touch          Hex            5%         N/A       63%         3
 Sigil of Binding         Hex            5%         N/A       63%         3
 Vampiric Draining        Necr           5%         2d6       63%         3
 Agony                    Necr           5%         N/A       100%        5


Dungeon Overview and Level Annotations

Branches:
Dungeon (8/15)             Temple (1/1) D:5            Lair (1/5) D:8

Altars:
Ashenzari
Cheibriados
Dithmenos
Elyvilon
Gozag
Hepliaklqana
Kikubaaqudgha
Makhleb
Nemelex Xobeh
Okawaru
Ru
Sif Muna
Uskayaw
Wu Jian
Xom
Yredelemnul
Zin
The Shining One

Shops:
D:4 =(

Annotations:
Temple 4 transporters


Innate Abilities, Weirdness & Mutations

You are a hulking beast.
Your limbs bulge with bestial killing power. (Slay +4)
Your life essence is reduced to manifest your ancestor. (-10% HP)
You are too large for most types of armour.
You have tough skin. (AC +1)


Message History

g - Guard the area. f - Follow me.
Anything else - Cancel.
Gang up on whom?
Press: ? - help, Dir - move target, f - komodo dragon
Aim: a komodo dragon (ally target) Attack!
Bintanath hits the komodo dragon with a +0 dagger of draining.
The komodo dragon closely misses Bintanath.
Bintanath hits the komodo dragon but does no damage.
Bintanath drains the komodo dragon.
Bintanath barely misses the komodo dragon.
The komodo dragon bites Bintanath!
Bintanath hits the komodo dragon with a +0 dagger of draining. x2
The komodo dragon bites Bintanath!!
Bintanath is destroyed!
Aiming: Iceblast
Press: ? - help, Shift-Dir - straight line, f/p - komodo dragon
Aim: a komodo dragon (moderately wounded, lightly drained)
The mass of ice explodes!
The iceblast engulfs the komodo dragon.
The komodo dragon is moderately wounded.
You closely miss the komodo dragon.
The komodo dragon is moderately wounded.
The komodo dragon bites you!! The komodo dragon bites you!
You hit the komodo dragon but do no damage.
Lightning courses through the komodo dragon!
The komodo dragon is heavily wounded.
A bullfrog comes into view.
The komodo dragon bites you!
* * * LOW HITPOINT WARNING * * *
Unknown command.
Aiming: Iceblast
Press: ? - help, Shift-Dir - straight line, p - komodo dragon The mass of ice explodes!
The iceblast engulfs the komodo dragon!
The komodo dragon is heavily wounded.
The komodo dragon bites you.
* * * LOW HITPOINT WARNING * * *
You feel much better. The komodo dragon bites you!!
* * * LOW HITPOINT WARNING * * *
The komodo dragon bites you!!
You die...

##..........
#........... ≈
##..........
≈~~.####..........
≈≈≈..............
≈≈~..###.........
≈≈~ ##.#####.# ≈
## #.P# ..##..#h##
....F.l.#
...............
###P########### #


You could see a komodo dragon (drained) and a bullfrog.

Vanquished Creatures
  A black mamba (Lair:1)
  2 cane toads (Lair:1)
  Eustachio (D:6)
  A warg (D:8)
  A water moccasin (Lair:1)
  An orc warrior (D:8)
  5 black bears
  2 ice beasts
  An ogre (D:5)
  3 bullfrogs
  A water moccasin zombie (D:6)
  3 necrophages (D:6)
  6 wights
  A howler monkey (D:5)
  A bullfrog zombie (D:6)
  4 jellies
  4 hounds
  A human zombie (D:6)
  An orc priest (D:4)
  2 sleepcaps
  Crazy Yiuf (D:6)
  7 iguanas
  5 orc wizards
  2 killer bee zombies (D:6)
  A howler monkey zombie (D:6)
  A mummy (D:3)
  3 gnolls (D:4)
  7 adders
  A shadow imp (D:6)
  2 white imps (D:6)
  3 worms
  3 dart slugs
  23 orcs
  9 bats
  11 endoplasms
  3 giant cockroaches
  7 goblins
  8 hobgoblins
  8 jackals
  8 quokkas
  6 ball pythons
  4 frilled lizards
  7 kobolds
  5 rats
177 creatures vanquished.

Vanquished Creatures (collateral kills)
  A rime drake (Lair:1)
  A wyvern (D:8)
  A warg (D:8)
  3 water moccasins
  A centaur (D:7)
  A kobold brigand (D:8)
  2 bullfrogs (D:8)
  A scorpion (D:5)
  A water moccasin zombie (D:6)
  A wight (D:6)
  An electric eel (D:8)
  A hound (D:7)
  A sleepcap (D:6)
  An iguana (D:5)
  3 orc wizards
  6 orcs
  A kobold (D:8)
27 creatures vanquished.

Vanquished Creatures (others)
  A hexer (Lair:1)
  4 ancestors
5 creatures vanquished.

Grand Total: 209 creatures vanquished

Notes
Turn   | Place    | Note
-------+----------+-------------------------------------------
     0 | D:1      | Shayle the Ogre Shapeshifter began the quest for the Orb.
     0 | D:1      | Reached XP level 1. HP: 19/19 MP: 1/1
    36 | D:1      | Reached XP level 2. HP: 20/27 MP: 1/3
   149 | D:1      | Reached skill level 1 in Spellcasting
   541 | D:1      | Reached XP level 3. HP: 32/33 MP: 5/5
  1170 | D:2      | Reached XP level 4. HP: 31/41 MP: 7/7
  1577 | D:3      | Identified the +1 leather armour of the Bagpipe {+Blink}
  1721 | D:3      | Found a snail-covered altar of Cheibriados.
  1730 | D:3      | Reached XP level 5. HP: 37/48 MP: 8/8
  1918 | D:3      | Found a faded altar of an unknown god.
  2089 | D:3      | Found a hazy altar of Hepliaklqana.
  2104 | D:3      | Became a worshipper of Hepliaklqana the Forgotten
  2115 | D:3      | Found a basalt altar of Yredelemnul.
  2662 | D:4      | Found Mekkuih's Antique Weapon Shoppe.
  2738 | D:4      | Reached skill level 1 in Invocations
  2748 | D:4      | Found a shimmering altar of Xom.
  2978 | D:4      | Reached XP level 6. HP: 40/55 MP: 10/10
  3067 | D:4      | Found a sparkling altar of Nemelex Xobeh.
  3084 | D:4      | Found Docoaxu's Jewellery Emporium.
  3153 | D:4      | Found a sacrificial altar of Ru.
  3153 | D:4      | Found a hide-covered altar of Uskayaw.
  3233 | D:5      | Entered Level 5 of the Dungeon
  3268 | D:5      | Noticed a black bear
  3345 | D:5      | Killed a black bear
  3346 | D:5      | Reached skill level 1 in Shields
  3544 | D:5      | Reached XP level 7. HP: 61/62 MP: 12/12
  3577 | D:5      | Found a staircase to the Ecumenical Temple.
  3599 | Temple   | Found a transporter.
  3599 | Temple   | Found a transporter.
  3599 | Temple   | Found a transporter.
  3599 | Temple   | Found a transporter.
  3599 | Temple   | Entered the Ecumenical Temple
  3775 | D:5      | Reached * piety under Hepliaklqana
  4743 | D:5      | Reached skill level 5 in Shapeshifting
  4743 | D:5      | Reached XP level 8. HP: 63/63 MP: 14/14
  4849 | D:6      | Reached skill level 5 in Unarmed Combat
  4856 | D:6      | Reached skill level 5 in Spellcasting
  5258 | D:6      | Found an ornate altar of the Wu Jian Council.
  5611 | D:6      | Found a runed translucent door.
  5612 | D:6      | Noticed Crazy Yiuf
  6121 | D:6      | Noticed Eustachio
  6125 | D:6      | Killed Eustachio
  6126 | D:6      | Reached XP level 9. HP: 61/68 MP: 17/17
  6619 | D:7      | Found a glowing silver altar of Zin.
  6634 | D:7      | Reached skill level 5 in Invocations
  7137 | D:7      | Found a burning altar of Makhleb.
  7222 | D:7      | Reached ** piety under Hepliaklqana
  7223 | D:7      | Remembered your ancestor Bintanath as a hexer
  7453 | D:8      | Reached skill level 5 in Shields
  7739 | D:8      | Reached XP level 10. HP: 67/75 MP: 20/20
  7755 | D:8      | Found a staircase to the Lair.
  8084 | D:6      | Found an ancient bone altar of Kikubaaqudgha.
  8368 | D:6      | Killed Crazy Yiuf
  8707 | Lair:1   | Entered Level 1 of the Lair of Beasts
  8800 | Lair:1   | Noticed a black mamba
  8806 | Lair:1   | Killed a black mamba
  9013 | Lair:1   | Noticed a cane toad
  9019 | Lair:1   | Killed a cane toad
  9062 | Lair:1   | Noticed a cane toad
  9073 | Lair:1   | Killed a cane toad
  9131 | Lair:1   | Slain by a komodo dragon

Illustrated notes

Levels and vault maps discovered:
D:1:      dpeg_arrival_long_road, layout_loops_ring
D:2:      layout_rooms
D:3:      minmay_recursive_quarters, layout_basic, slow_altar_1,
          mainiacjoe_overflow_large_starburst,
          hellmonk_ecumenical_altar_dog_temple, st_stairs_13
D:4:      layout_rooms, xom_teletrap_fun, mainiacjoe_overflow_alcove_2,
          nicolae_overflow_two_pavilions, serial_shops, shop, shop
D:5:      layout_basic, minmay_temple_entry_glass
D:6:      layout_loops_ring, nzn_wu_jian_contemplation,
          lemuel_mausoleum_altar_kikubaaqudgha, chequers_decorated_corner,
          hangedman_decor_clover_reticule, minivault_24, minmay_circle_x,
          uniq_crazy_yiuf_cottage, uniq_eustachio
D:7:      layout_rooms, nicolae_overflow_crystal_walls,
          mainiacjoe_overflow_24_doors
D:8:      layout_rooms, mainiacjoe_overflow_surrounded_room,
          erik_lair_orcish_takeover, serial_bayou_ford_a
Temple:   hellmonk_temple_divided_pantheon
Lair:1:   layout_small_grid, chequers_serial_rivers_micro_c,
          infiniplex_staircase_pool

Skill      XL: |  1  2  3  4  5  6  7  8  9 10 |
---------------+-------------------------------+-----
Spellcasting   | 1 2 3 4 5 6 7 |  7.8
Unarmed Combat | 3 4 5 6 7 |  7.2
Shapeshifting  | 4 5 6 7 |  7.2
Invocations    | 1 2 3 4 6 7 |  7.1
Shields        | 1 2 3 5 6 |  6.3
Fighting       | |  1.3
Dodging        | |  1.7

Action                     |  1- 3 |  4- 6 |  7- 9 | 10-12 || total
---------------------------+-------+-------+-------+-------++-------
  Melee: Unarmed           |   140 |   119 |       |       ||   259
         Punch             |     2 |     5 |       |       ||     7
         War axe           |       |    28 |   162 |    38 ||   228
 Invoke: Ancestor Life: He |       |       |     1 |       ||     1
  Evoke: Wand              |       |       |     8 |     2 ||    10
    Use: Potion            |     2 |     2 |     2 |     1 ||     7
         Scroll            |       |    10 |       |     3 ||    13
   Stab: Sleeping          |       |     2 |       |       ||     2
         Distracted        |       |       |     2 |     1 ||     3
         Confused          |       |       |       |     3 ||     3
 Armour: Animal skin       |   113 |    84 |   165 |    29 ||   391
         Skin              |       |     7 |       |       ||     7
  Dodge: Dodged            |    81 |    65 |    61 |    10 ||   217
  Block: Kite shield       |       |    11 |    92 |    19 ||   122

Table legend: (Time is in decaauts)
 A = Elapsed time spent in this place.
 B = Non-inter-level travel time spent in this place.
 C = Inter-level travel time spent in this place.
 D = Time resting spent in this place.
 E = Time spent auto-exploring this place.
 F = Levels seen in this place.
 G = Mean time per level.
                   A        B        C        D        E       F      G
               +--------+--------+--------+--------+--------+-----+--------+
         Total |   9277 |   8683 |    594 |   2028 |   4521 |  10 |  927.7 |
       Dungeon |   8908 |   8314 |    594 |   1991 |   4327 |   8 | 1113.5 |
        Temple |     20 |     20 |      0 |      0 |      0 |   1 |   20.0 |
          Lair |    348 |    348 |      0 |     37 |    194 |   1 |  348.0 |
               +--------+--------+--------+--------+--------+-----+--------+

Top non-repeatable levels by time:
     D:6: 2025 daAuts
     D:5: 1685 daAuts
     D:3: 1174 daAuts
     D:7: 928 daAuts
     D:1: 851 daAuts
     D:8: 838 daAuts
     D:2: 777 daAuts
     D:4: 627 daAuts
  Lair:1: 348 daAuts
  Temple: 20 daAuts
